 Dungeon Crawl Stone Soup version 0.25-a0-578-gc91f01c39c (webtiles) character file.

Game seed: 11159203516582996, levelgen mode: deterministic

256 Forecaster the Magician (level 6, -3/52 HPs)
             Began as a Naga Wizard on Mar 7, 2020.
             Splashed by a jelly's acid (8 damage)
             ... on level 4 of the Dungeon.
             The game lasted 00:16:15 (4246 turns).

Forecaster the Magician (Naga Wizard)               Turns: 4246, Time: 00:16:16

Health: -3/52      AC: -7    Str: 10    XL:     6   Next: 16%
Magic:  10/12      EV: 10    Int: 19    God:
Gold:   122        SH:  0    Dex: 10    Spells: 8/13 levels left

rFire    . . .     SeeInvis +   z - +3 quarterstaff (chaos)
rCold    . . .     Gourm    +   (shield currently unavailable)
rNeg     + . .     Faith    .   t - +1 robe {rN+}
rPois    +         Spirit   .   b - +0 hat
rElec    .         Reflect  .   A - +0 cloak
rCorr    .         Harm     .   (no gloves)
MR       .....                  (no barding)
Stlth    ++........             f - amulet of the gourmand
HPRegen  0.17/turn              (no ring)
MPRegen  0.13/turn              (no ring)

@: corroded, very slow
A: large, see invisible, deformed body, poison resistance, slowness 2, slow
metabolism 1, spit poison 1, AC +2
a: Spit Poison


You were on level 4 of the Dungeon.
You were very full.

You visited 1 branch of the dungeon, and saw 4 of its levels.

You collected 122 gold pieces.

Inventory:

Hand Weapons
 e - a +0 dagger
 k - a +1 mace of holy wrath
 m - a +0 shortbow
 s - a +0 scythe
 v - a +0 dagger
 z - a +3 quarterstaff of chaos (weapon)
 E - a +2 vorpal war axe
 F - a +3 quarterstaff
Missiles
 c - 128 stones (quivered)
 q - 43 arrows
 u - 29 poisoned darts
 w - 22 sling bullets
 D - 4 curare-tipped darts
Armour
 a - a +0 robe
 b - a +0 hat (worn)
 g - a +0 robe
 t - a +1 robe of positive energy (worn)
 y - a +0 leather armour
 A - a +0 cloak (worn)
 C - a +0 scale mail
Jewellery
 f - an amulet of the gourmand (around neck)
 i - an uncursed ring of ice {unknown}
Scrolls
 l - a scroll of random uselessness {unknown}
 n - a scroll of identify
 x - 2 scrolls of fear
Potions
 h - 2 potions of cancellation {unknown}
 j - 2 potions of berserk rage {unknown}
 o - a potion of stabbing {unknown}
 p - 3 potions of lignification {unknown}
 r - a potion of might {unknown}
 B - a potion of curing
Comestibles
 d - 10 rations


   Skills:
 + Level 1.7 Fighting
 + Level 1.2 Short Blades
 + Level 1.1 Staves
 + Level 1.9 Dodging
 + Level 4.0 Stealth
 + Level 4.3 Spellcasting
 + Level 1.6 Conjurations
 + Level 2.6 Summonings
 + Level 1.0 Translocations


You had 8 spell levels left.
You knew the following spells:

 Your Spells              Type           Power        Failure   Level  Hunger
a - Magic Dart            Conj           ##..         7%          1    None
b - Call Imp              Summ           ##......     7%          2    #......
c - Blink                 Tloc           N/A          13%         2    #......

Your spell library contained the following spells:

 Spells                   Type           Power        Failure   Level  Hunger
 Slow                     Hex            #.......     21%         2    #......
 Conjure Flame            Conj/Fire      #.......     28%         3    ###....
 Mephitic Cloud           Conj/Pois/Air  #.......     32%         3    ###....


Dungeon Overview and Level Annotations

Branches:
Dungeon (4/15)
 Temple: D:4-7

Altars:


Innate Abilities, Weirdness & Mutations

You cannot wear boots.
Your serpentine skin is tough. (AC +2)
You have supernaturally acute eyesight. (SInv)
Armour fits poorly on your strangely shaped body.
Your system is resistant to poisons. (rPois)
You cover ground very slowly.
You have a slow metabolism.
You can spit poison.


Message History

The adder skeleton bites your orc zombie.
The jelly hits you but does no damage.
Your orc zombie hits the adder skeleton with a +0 hand axe.
Your orc zombie hits the iguana but does no damage.
Your orc zombie hits the jelly with a +0 hand axe.
Your orc zombie is burned by acid!
The adder skeleton bites your orc zombie.
Your orc zombie is destroyed!
It was a potion of curing.
You feel better. The jelly hits you.
* * * LOW HITPOINT WARNING * * *
The acid corrodes you!
You are splashed with acid!
* * * LOW HITPOINT WARNING * * *
You feel better. The jelly barely misses you.
You hit the jelly.
You feel better. The acid corrodes you!
Your hands burn!
* * * LOW HITPOINT WARNING * * *
The jelly is severely wounded.
The jelly hits you.
* * * LOW HITPOINT WARNING * * *
The acid corrodes you!
You are splashed with acid!
You die...

#..# #
#....
#.#.#.###
#........
#....=#
#.....#
#.###)##
#.##...##
#@Jl....#
###Z....+
#.#.###
#.### #.#
#.# #.#
#.# #.#


You could see an iguana, a jelly and an adder skeleton.

Vanquished Creatures
  Sigmund (D:2)
  5 adders
  A worm (D:2)
  3 leopard geckos
  8 orcs
  A ball python (D:3)
  9 bats
  2 giant cockroaches
  7 goblins
  8 hobgoblins
  5 frilled lizards
  5 kobolds
  6 rats
61 creatures vanquished.

Vanquished Creatures (collateral kills)
  Crazy Yiuf (D:2)
  3 adders (D:2)
  An ooze (D:2)
  A worm (D:2)
  3 dart slugs
  2 leopard geckos (D:3)
  An orc (D:3)
  10 giant cockroaches (D:2)
22 creatures vanquished.

Grand Total: 83 creatures vanquished

Notes
Turn   | Place    | Note
-------+----------+-------------------------------------------
     0 | D:1      | Forecaster the Naga Wizard began the quest for the Orb.
     0 | D:1      | Reached XP level 1. HP: 15/15 MP: 4/4
   595 | D:1      | Reached XP level 2. HP: 22/22 MP: 3/6
   599 | D:1      | Learned a level 2 spell: Call Imp
   602 | D:1      | Learned a level 2 spell: Blink
  1405 | D:1      | Reached XP level 3. HP: 22/28 MP: 1/7
  1906 | D:2      | Noticed Sigmund
  1929 | D:2      | Killed Sigmund
  1929 | D:2      | Reached skill level 1 in Fighting
  1929 | D:2      | Reached skill level 1 in Short Blades
  1929 | D:2      | Reached XP level 4. HP: 38/38 MP: 0/10
  1929 | D:2      | Reached XP level 5. HP: 44/44 MP: 0/11
  2674 | D:2      | Found a runed translucent door.
  2675 | D:2      | Noticed Crazy Yiuf
  2847 | D:2      | Killed Crazy Yiuf
  3452 | D:3      | Reached XP level 6. HP: 46/52 MP: 6/12
  3774 | D:3      | Reached skill level 1 in Staves
  4244 | D:4      | HP: 2/52 [acid (11)]
  4246 | D:4      | Splashed by a jelly's acid

Levels and vault maps discovered:
D:1:      psy_arrival_radial01, layout_basic
D:2:      minmay_roachtagon, layout_loops_ring, first_ration, uniq_sigmund,
          uniq_crazy_yiuf_cottage
D:3:      layout_basic
D:4:      layout_loops_corners, lemuel_crystal_altar, lemuel_round_altar,
          kennysheep_little_box, chequers_temple_overflow_minitemple,
          serial_shops, shop_coins

Skill      XL: |  1  2  3  4  5  6 |
---------------+-------------------+-----
Fighting       | 1 |  1.7
Short Blades   | 1 |  1.2
Spellcasting   | 4 |  4.3
Summonings     | 2 |  2.6
Stealth        | 4 |  4.0
Staves         | 1 |  1.1
Dodging        | |  1.9
Conjurations   | |  1.6
Translocations | |  1.0

Action                   |  1- 3 |  4- 6 || total
-------------------------+-------+-------++-------
Melee: Dagger            |    43 |    37 ||    80
       Quarterstaff      |       |    59 ||    59
 Cast: Magic Dart        |    53 |    37 ||    90
       Call Imp          |     6 |    21 ||    27
       Blink             |       |     1 ||     1
  Use: Scroll            |       |     6 ||     6
       Potion            |       |     2 ||     2
 Stab: Sleeping          |     1 |     2 ||     3
       Distracted        |       |     2 ||     2
  Eat: Chunk             |    10 |     6 ||    16
Armor: Robe              |     7 |    31 ||    38
       Scale mail        |       |     8 ||     8
Dodge: Dodged            |    22 |    68 ||    90

Table legend:
 A = Non-vault XP
 B = Vault XP
 C = Vault XP percentage of total XP
 D = Non-vault monster count
 E = Vault monster count
 F = Vault count percentage of total count
                 A         B        C        D         E       F
            +---------+---------+-------+---------+---------+-------
      Total |     210 |     157 |  42.8 |      71 |      12 |  14.5
            +---------+---------+-------+---------+---------+-------
        D:1 |      39 |       0 |   0.0 |      21 |       0 |   0.0
        D:2 |     102 |     157 |  60.6 |      21 |      12 |  36.4
        D:3 |      57 |       0 |   0.0 |      25 |       0 |   0.0
        D:4 |      12 |       0 |   0.0 |       4 |       0 |   0.0
            +---------+---------+-------+---------+---------+-------
